 Dungeon Crawl Stone Soup version 0.30-a0-1164-ge08a67761e (webtiles) character file.

Game seed: 14668229114727666905

90 GloriousHammer the Insei (level 5, -6/40 HPs)
             Began as a Meteoran Transmuter on Apr 29, 2023.
             Was an Initiate of Qazlal.
             Splashed by a jelly's acid (8 damage)
             ... on level 4 of the Dungeon.
             The game lasted 00:05:12 (669 turns).

GloriousHammer the Insei (Meteoran Transmuter)       Turns: 669, Time: 00:05:13

Health: -6/40      AC: -14   Str: 12    XL:     5   Next: 11%
Magic:  11/12      EV: 12    Int: 16    God:    Qazlal [......]
Gold:   43         SH:  0    Dex: 14    Spells: 11/12 levels left

rFire   . .          .
                       - Unarmed
rCold   . . .        (no shield)
rNeg    . . .        a - +0 robe
rPois   .            (helmet currently unavailable)
rElec   .            (no cloak)
rCorr   .            (no gloves)
SInv    .            (boots currently unavailable)
Will    .....        m - amulet of regeneration
Stlth   +            (no ring)
HPRegen 1.06/turn    (no ring)
MPRegen 0.13/turn

%: no passive effects
@: appendages, corroded, glowing
A: horns 2, talons 2, sense surroundings 1, otherworldly, glowing, explore regen
a: End Transformation, Renounce Religion


You were on level 4 of the Dungeon.
You worshipped Qazlal.
Qazlal was noncommittal.
You had temporarily grown beastly horns and talons.
You visited 1 branch of the dungeon, and saw 4 of its levels.

You collected 43 gold pieces.

Inventory:

Hand Weapons
 d - a +0 short sword of speed
Missiles
 e - 2 poisoned darts (quivered)
 j - 4 boomerangs
 p - 3 datura-tipped darts
Armour
 a - a +0 robe (worn)
 n - a +0 leather armour
Jewellery
 m - an amulet of regeneration (around neck)
 q - an amulet of guardian spirit
Wands
 b - a wand of paralysis (5)
Scrolls
 c - 2 scrolls of identify {unknown}
 f - a scroll of silence {unknown}
 g - a scroll of immolation {unknown}
 i - a scroll of magic mapping {unknown}
 l - a scroll of poison {unknown}
 o - a scroll of torment {unknown}
Potions
 k - a potion of brilliance {unknown}


   Skills:
 - Level 1.1 Fighting
 - Level 2.4 Dodging
 + Level 4.6 Unarmed Combat
 + Level 4.0 Spellcasting
 + Level 3.7 Transmutations


You had 11 spell levels left.
You knew the following spells:

 Your Spells              Type           Power      Damage    Failure   Level
a - Beastly Appendage     Tmut           30%        N/A       3%          1

Your spell library contained the following spells:

 Spells                   Type           Power      Damage    Failure   Level
 Wereblood                Tmut           15%        N/A       5%          2
 Spider Form              Tmut/Pois      9%         N/A       24%         3
 Ice Form                 Ice/Tmut       9%         N/A       61%         4


Dungeon Overview and Level Annotations

Branches:
Dungeon (4/15) Zot: 1777
 Temple: D:4-7

Altars:
Qazlal


Innate Abilities, Weirdness & Mutations

You have temporarily grown beastly horns and talons.
You passively map a small area around you.
You are easily found by Zot.
You glow in the dark.
You regain HP and MP as you explore.


Message History

Okay, then.
You are too injured to fight recklessly!
Throw: 3 darts (poison)
Press: ? - help, Q - select action, (/) - cycle Shift-Dir - straight line, f - hobgoblin
Aim: a hobgoblin (57% to hit)
You throw a poisoned dart. The poisoned dart hits the hobgoblin.
The hobgoblin is poisoned.
You smack the hobgoblin!
You kill the hobgoblin!
The jackal bites you but does no damage.
You smack the jackal!
You kill the jackal!
You smack the orc!
You kill the orc!
Your Spellcasting skill increases to level 4!
You start resting.
Magic restored.
You cannot move.
Unknown command.
You start resting.
A ball python comes into view.
The ball python hisses angrily.
The ball python bites you.
* * * LOW HITPOINT WARNING * * *
The ball python grabs you. The ball python constricts you.
You barely miss the ball python.
The ball python bites you but does no damage.
The ball python constricts you.
You smack the ball python!
You kill the ball python!
You cannot move.
You cannot move.
You cannot move.
You cannot move.
You cannot move.
You cannot move.
Your transformation is almost over.
You feel less wooden.
Your +0 robe unmelds from your body.
Items here: )) †††.
Found a silver wand.
Found 17 gold pieces.
There is a stormy altar of Qazlal here.
You kneel at the altar of Qazlal.
Qazlal welcomes you!
Qazlal grants you and your divine allies immunity to clouds.
b - a wand of paralysis (5)
You now have 43 gold pieces (gained 17).
A kobold comes into view. It is wielding a +0 short sword.
Unknown command.
A jelly comes into view.
The jelly quivers.
The kobold shouts!
The kobold throws a stone.
The stone hits you but does no damage.
You start putting on your amulet.
You continue putting on your amulet of regeneration. x2
The kobold throws a stone.
Keep equipping yourself? [Y]es or [N]o only, please.
Keep equipping yourself?
The stone hits you but does no damage.
You continue putting on your amulet of regeneration. x3
You finish putting on your amulet of regeneration.
The amulet throbs as it attunes itself to your uninjured body.
m - an amulet of regeneration (around neck)
Casting: Beastly Appendage (safe; 3% risk of failure)
Confirm with . or Enter, or press ? or * to list all spells.
You grow a pair of large bovine horns.
Your feet morph into talons.
The jelly hits you. The acid corrodes you!
You are splashed with acid!
You hit the jelly but do no damage.
Your hands burn!
You punch the jelly.
The jelly is lightly wounded.
The jelly misses you.
The kobold hits you with a +0 short sword.
You hit the jelly.
Your hands burn!
You punch the jelly, but do no damage.
The jelly is moderately wounded.
The kobold barely misses you. The jelly barely misses you.
You hit the jelly. The acid corrodes you!
Your hands burn!
The jelly is heavily wounded.
The jelly misses you.
The kobold hits you with a +0 short sword.
You hit the jelly but do no damage. The acid corrodes you!
Your hands burn!
You headbutt the jelly, but do no damage.
The jelly is heavily wounded.
The kobold hits you with a +0 short sword.
The jelly closely misses you.
You hit the jelly. The acid corrodes you!
Your hands burn!
* * * LOW HITPOINT WARNING * * *
You headbutt the jelly, but do no damage.
The jelly is severely wounded.
The jelly barely misses you.
The kobold hits you with a +0 short sword.
* * * LOW HITPOINT WARNING * * *
You hit the jelly but do no damage.
Your hands burn!
* * * LOW HITPOINT WARNING * * *
You claw the jelly, but do no damage. You headbutt the jelly.
The jelly is almost dead.
The jelly hits you.
* * * LOW HITPOINT WARNING * * *
The acid corrodes you!
You are splashed with acid!
You die...

+
,...............#
,
.########.##.....*
,*..........#
#+#+* *
.........## * , ,
.........# ,
.........# ,
.........# ,, ,
*.........# ,
.......@.# * ** *
......KJ.# ** * ,
..###......, * ,..
#........
+........+ *
#........#* , ,
#........# *
#........# ,


You could see a jelly and a kobold.

Vanquished Creatures
  A hound (D:4)
  An adder (D:3)
  An orc (D:4)
  6 bats
  4 endoplasms
  A giant cockroach (D:1)
  4 goblins
  6 hobgoblins
  9 jackals
  4 quokkas
  2 ball pythons
  3 frilled lizards
  A kobold (D:1)
  A rat (D:3)
44 creatures vanquished.

Notes
Turn   | Place    | Note
-------+----------+-------------------------------------------
     0 | D:1      | GloriousHammer the Meteoran Transmuter began the quest for
                  | the Orb.
     0 | D:1      | Reached XP level 1. HP: 16/16 MP: 5/5
    92 | D:1      | Reached XP level 2. HP: 23/23 MP: 6/6
   238 | D:2      | Reached XP level 3. HP: 25/28 MP: 6/8
   457 | D:3      | Reached XP level 4. HP: 33/35 MP: 8/10
   542 | D:4      | Found a stormy altar of Qazlal.
   559 | D:4      | HP: 1/35 [hound (2)]
   572 | D:4      | Reached XP level 5. HP: 17/40 MP: 11/11
   628 | D:4      | Became a worshipper of Qazlal Stormbringer
   669 | D:4      | HP: 2/40 [jelly (2)]
   669 | D:4      | Splashed by a jelly's acid

Illustrated notes

Levels and vault maps discovered:
D:1:      ncdulo_smallfort, layout_rooms, roderic_roman_lattice
D:2:      minmay_chambers_of_ones, layout_loops_ring,
          ebering_ecumenical_altar_ruins
D:3:      layout_basic
D:4:      layout_basic, minmay_ruined_shrine

Skill      XL: |  1  2  3  4  5 |
---------------+----------------+-----
Spellcasting   | 3 4 |  4.0
Unarmed Combat | 4 |  4.6
Transmutations | 3 |  3.7
Fighting       | |  1.1
Dodging        | |  2.4

Action                     |  1- 3 |  4- 6 || total
---------------------------+-------+-------++-------
  Melee: Unarmed           |    41 |    11 ||    52
         Kick              |     7 |     4 ||    11
         Headbutt          |     7 |     3 ||    10
         Short sword       |    58 |    67 ||   125
         Punch             |       |     3 ||     3
  Throw: Dart              |       |     1 ||     1
   Cast: Beastly Appendage |     6 |     2 ||     8
    Use: Potion            |       |     2 ||     2
 Armour: Robe              |    24 |     9 ||    33
         Skin              |       |    30 ||    30
  Dodge: Dodged            |    62 |    43 ||   105

Table legend: (Time is in decaauts)
 A = Elapsed time spent in this place.
 B = Non-inter-level travel time spent in this place.
 C = Inter-level travel time spent in this place.
 D = Time resting spent in this place.
 E = Time spent auto-exploring this place.
 F = Levels seen in this place.
 G = Mean time per level.
                   A        B        C        D        E       F      G
               +--------+--------+--------+--------+--------+-----+--------+
         Total |    621 |    621 |      0 |      8 |      0 |   4 |  155.2 |
       Dungeon |    621 |    621 |      0 |      8 |      0 |   4 |  155.2 |
               +--------+--------+--------+--------+--------+-----+--------+

Top non-repeatable levels by time:
     D:2: 229 daAuts
     D:1: 193 daAuts
     D:4: 112 daAuts
     D:3: 86 daAuts
